AoeStats
← MeowMe

Pilgrims

508843674Analyzed
4v4 RM · 6d ago on Sep 24, 2026· 39m 0s· 8 players
Game mode
Random Map
Map size
Large (8 player)
Population
200
Speed
Normal
Resources
Standard
Victory
Conquest
Starting age
Dark Age
Ending age
Imperial Age
RankedLock teamsTeams togetherTeam positionsShared explorationLock speedFull tech treeHidden civsTurbo modeCheats
Victory
Defeat
🇹🇷 Italians · Türkiye
1965
+3
🇨🇳 Slavs · China
1886
+5
🇨🇳 Burmese · China
1836
+6
🇨🇳 Goths · China
1638
+11
🇦🇺 Berbers · Australia
1658
-8
🇧🇾 Turks · Belarus
1600
-7
🇦🇺 Hindustanis · Australia
1582
-6
🇬🇪 Wei · Georgia
1483
-4
爱人跟人走
10:19 Feudal Age
14:10 Castle Age
12:41 Fishing Lines
12:51 Double-Bit Axe
13:59 Loom
14:57 Fishing Lines
15:38 Fletching
16:14 Horse Collar
17:51 Heavy Plow
19:07 Bow Saw
18:58 Town Watch
25:03 Wheelbarrow
26:19 Scale Barding Armor
27:08 Detinets
27:22 Gold Mining
27:23 Stone Mining
27:35 Gillnets
31:26 Imperial Age
29:50 Hand Cart
31:03 Chain Barding Armor
31:46 Gold Shaft Mining
31:57 Forging
32:34 Conscription
33:31 Plate Barding Armor
33:33 Iron Casting
36:55 Elite Boyar
38:40 Blast Furnace
37:51 Bloodlines
37:42 Husbandry
39:31 Two-Man Saw
39:02 Crop Rotation
Honda
6:41 Loom
10:29 Feudal Age
11:01 Double-Bit Axe
11:28 Fletching
16:29 Castle Age
17:23 Medium Warships
17:12 Bodkin Arrow
17:42 Bow Saw
18:39 Ballistics
20:54 Horse Collar
26:08 Gold Mining
26:23 Heavy Plow
29:12 Wheelbarrow
28:38 Padded Archer Armor
31:41 Imperial Age
30:14 Leather Archer Armor
32:28 Bracer
33:30 Chemistry
33:19 Conscription
34:27 Two-Man Saw
34:26 Elite Genoese Crossbowman
36:43 Thumb Ring
37:52 Hand Cart
38:30 Ring Archer Armor
38:13 Town Watch
清远华
5:48 Loom
11:24 Feudal Age
14:37 Man-at-Arms
18:02 Fletching
28:33 Wheelbarrow
28:12 Double-Bit Axe
32:01 Castle Age
33:48 Bow Saw
35:33 Hand Cart
35:03 Town Watch
38:08 Horse Collar
CNZS_Dooidy
9:00 Loom
11:13 Feudal Age
13:00 Gold Mining
15:33 Castle Age
13:58 Fishing Lines
14:58 Forging
17:19 Town Watch
18:17 Sanctity
18:59 Fervor
19:02 Fletching
20:38 Medium Warships
24:14 Horse Collar
25:11 Treadmill Crane
26:18 Ballistics
37:40 Bodkin Arrow
38:23 Bloodlines
38:13 Husbandry
38:16 Padded Archer Armor
38:58 Herbal Medicine
Mau5
5:02 Loom
14:50 Feudal Age
16:17 Fletching
16:18 Double-Bit Axe
23:10 Castle Age
24:48 Bodkin Arrow
26:20 Bow Saw
26:22 Scale Mail Armor
26:06 Pikeman
34:04 Padded Archer Armor
34:26 Chain Mail Armor
34:12 Squires
35:15 Forging
RogerRamjet
6:42 Loom
10:08 Feudal Age
10:36 Double-Bit Axe
15:52 Wheelbarrow
20:33 Castle Age
19:09 Horse Collar
21:28 Medium Warships
23:08 Forging
25:59 Bow Saw
26:32 Fletching
27:22 Hand Cart
28:16 Heavy Plow
29:30 Iron Casting
29:56 Town Watch
30:22 Bodkin Arrow
34:25 Scale Barding Armor
38:03 Imperial Age
35:55 Chain Barding Armor
36:25 Bloodlines
36:15 Husbandry
38:18 Padded Archer Armor
38:40 Ballistics
38:00 Treadmill Crane
38:28 Cavalier
MeowMe
4:22 Loom
13:19 Feudal Age
17:17 Castle Age
23:00 Castle Age
27:37 Double-Bit Axe
32:42 Wheelbarrow
35:21 Husbandry
OLADUSHEK
3:43 Loom
10:01 Feudal Age
10:46 Town Watch
14:42 Castle Age
13:00 Double-Bit Axe
30:23 Padded Archer Armor
31:25 Fletching
36:20 Horse Collar
Connection lost

Rejoining the realm…

Still unreachable

The connection could not be restored.

Session expired

The server has moved on; the page needs a fresh start.